 Dungeon Crawl Stone Soup version 0.28.0 (webtiles) character file.

Game seed: 6622466057879713193

835 Findor the Slasher (level 7, -1/56 HPs)
             Began as a Barachi Fighter on Feb 12, 2022.
             Slain by an ogre (27 damage)
             ... on level 4 of the Dungeon.
             The game lasted 00:05:02 (3997 turns).

Findor the Slasher (Barachi Fighter)                Turns: 3997, Time: 00:05:02

Health: -1/56      AC:  7    Str: 19    XL:     7   Next: 99%
Magic:  7/7        EV: 11    Int:  8    God:
Gold:   90         SH:  6    Dex: 18    Spells: 6/6 levels left

rFire   . . .      SeeInvis .   b - +0 dagger (venom)
rCold   . . .      Faith    .   c - +0 buckler
rNeg    . . .      Spirit   .   l - +0 scale mail
rPois   .          Reflect  .   (no helmet)
rElec   .          Harm     .   (no cloak)
rCorr   .          Rampage  .   (no gloves)
Will    .....                   (no boots)
Stlth   ..........              (no amulet)
HPRegen 0.18/turn               e - +6 ring of dexterity
MPRegen 0.10/turn               (no ring)

@: slow
A: amphibious, slowness 1, strong legs 1, +LOS
a: Hop


You were on level 4 of the Dungeon.
You visited 1 branch of the dungeon, and saw 5 of its levels.

You collected 90 gold pieces.


Innate Abilities, Weirdness & Mutations

You are amphibious.
You cover ground slowly.
You can hop short distances.
You have an extended range of vision and can be seen from far away.


   Skills:
 - Level 5.0 Fighting
 * Level 7.7 Long Blades
 - Level 5.0 Armour
 - Level 3.0 Dodging
 - Level 5.0 Shields


You had 6 spell levels left.
You didn't know any spells.
Your spell library contained the following spells:

 Spells                   Type           Power      Damage    Failure   Level
 Blink                    Tloc           0%         N/A       94%         2
 Lesser Beckoning         Tloc           0%         N/A       99%         3
 Manifold Assault         Tloc           0%         N/A       100%        5

Inventory:

Hand Weapons
 a - a +0 long sword
 b - a +0 dagger of venom (weapon)
   (You took it off a goblin on level 2 of the Dungeon)
Armour
 c - a +0 buckler (worn)
 l - a +0 scale mail (worn)
 q - a +0 helmet
   (You found it on level 5 of the Dungeon)
Jewellery
 e - a +6 ring of dexterity (left hand)
   (You found it on level 1 of the Dungeon)
Scrolls
 f - 2 scrolls of teleportation {unknown}
 g - a scroll of noise {unknown}
 h - 4 scrolls of identify {unknown}
 k - 2 scrolls of blinking {unknown}
 m - 2 scrolls of enchant weapon {unknown}
 n - 2 scrolls of magic mapping {unknown}
 o - a scroll of vulnerability {unknown}
Potions
 d - 2 potions of heal wounds {@q2}
 i - a potion of brilliance
 j - a potion of berserk rage {unknown}
 p - a potion of cancellation
 r - a potion of curing {unknown}


Message History

You aren't carrying any items that you can evoke.
You block the ogre's attack.
You hit the ogre. You hit the ogre. The ogre hits you with a +0 giant club.
You hit the ogre. You block the ogre's attack.
You barely miss the ogre. The ogre hits you with a +0 giant club!
You hit the ogre. You slash the ogre! The ogre closely misses you.
The gnoll hits you with a +0 club.
You barely miss the ogre. You block the ogre's attack.
The gnoll barely misses you.
You barely miss the ogre. The gnoll hits you with a +0 club!
* * * LOW HITPOINT WARNING * * *
The ogre closely misses you.
You slash the ogre!
You kill the ogre!
The gnoll hits you but does no damage.
Training target 5.0 for Shields reached!
Your Shields skill increases to level 5!
You hit the gnoll but do no damage. The gnoll closely misses you.
You hit the gnoll but do no damage. The gnoll hits you but does no damage.
Adjust (i)tems, (s)pells, or (a)bilities?
l - a +0 dagger of venom Adjust to which letter? (? for menu, Esc to quit)
b - a +0 dagger of venom;
l - a +0 scale mail (worn)
Your +0 dagger of venom begins to drip with poison!
b - a +0 dagger of venom (weapon)
The gnoll closely misses you.
You hit the gnoll.
The gnoll is poisoned.
The gnoll closely misses you.
You hit the gnoll. You hit the gnoll but do no damage.
The gnoll looks even sicker.
The gnoll hits you with a +0 club.
* * * LOW HITPOINT WARNING * * *
You hit the gnoll but do no damage.
The gnoll looks as sick as possible!
You block the gnoll's attack.
Your +0 dagger of venom stops dripping with poison.
a - a +0 long sword (weapon)
The gnoll closely misses you.
You hit the gnoll but do no damage. The gnoll barely misses you.
You barely miss the gnoll.
You kill the gnoll!
Unknown command.
Okay, then.
Your +0 dagger of venom begins to drip with poison!
b - a +0 dagger of venom (weapon)
You hit the ogre. The ogre misses you.
You hit the ogre but do no damage.
The ogre is poisoned.
You barely miss the ogre.
The ogre hits you with a +0 giant club!!
You die...

≈≈≈≈≈≈≈..#......#.....(.......#
≈≈≈≈≈≈≈≈###....##..†..........#
≈≈.≈≈≈≈#.##....##.............#
..#≈≈.≈#.......†..............#
..#≈≈≈≈#.......##...###.......#
..#≈≈≈≈#.......##+#####.......#
..#≈≈≈##.##....##....#.......<#
..##≈############....#........#
..##≈# #)O@....#........#
..#### #.###............# ...##
#.....##...........# ....#
....#..O.#...........# ....##
###..#..g.#....######## .....#
#. ##)..####..# .....# #. ###.
##.# .....# # .. .# .....# .O
.#


You could see an ogre (very poisoned).

Vanquished Creatures
  Menkaure (D:4)
  A water moccasin (D:3)
  An ogre (D:4)
  A scorpion (D:4)
  A water moccasin skeleton (D:4)
  A bullfrog zombie (D:5)
  An orc priest (D:4)
  A centaur skeleton (D:3)
  2 hounds
  Terence (D:3)
  2 bullfrog skeletons
  An orc wizard (D:4)
  3 hound skeletons (D:4)
  3 adders
  A gnoll (D:4)
  4 orcs
  6 ball pythons
  9 bats
  7 endoplasms
  A giant cockroach (D:2)
  4 goblins
  7 hobgoblins
  3 jackals
  5 kobolds
  4 quokkas
  6 rats
  A spectral goblin (D:1)
78 creatures vanquished.

Notes
Turn   | Place    | Note
-------+----------+-------------------------------------------
     0 | D:1      | Findor the Barachi Fighter began the quest for the Orb.
     0 | D:1      | Reached XP level 1. HP: 18/18 MP: 1/1
    53 | D:1      | Reached skill level 3 in Long Blades
    54 | D:1      | Reached XP level 2. HP: 19/24 MP: 2/2
   315 | D:1      | Found a faded altar of an unknown god.
   629 | D:2      | Reached XP level 3. HP: 26/30 MP: 3/3
  1088 | D:2      | Reached skill level 4 in Long Blades
  1679 | D:3      | Noticed Terence
  1701 | D:3      | Killed Terence
  1702 | D:3      | Reached skill level 1 in Dodging
  1702 | D:3      | Reached XP level 4. HP: 22/37 MP: 4/4
  1949 | D:3      | Reached XP level 5. HP: 38/42 MP: 5/5
  2248 | D:3      | Noticed a water moccasin
  2257 | D:3      | Killed a water moccasin
  2258 | D:3      | Reached skill level 5 in Long Blades
  2258 | D:3      | Reached XP level 6. HP: 12/49 MP: 6/6
  2259 | D:3      | HP: 7/49 [poisoned by a water moccasin]
  3290 | D:4      | Noticed Sigmund
  3298 | D:5      | Entered Level 5 of the Dungeon
  3336 | D:5      | Reached skill level 6 in Long Blades
  3336 | D:5      | Reached XP level 7. HP: 42/55 MP: 7/7
  3584 | D:4      | Noticed Menkaure
  3599 | D:4      | Killed Menkaure
  3600 | D:4      | Reached skill level 3 in Dodging
  3890 | D:4      | Reached skill level 7 in Long Blades
  3997 | D:4      | Slain by an ogre

Levels and vault maps discovered:
D:1:      saegor_arrival_simple_a, layout_basic,
          dreamdust_ecumenical_altar_drowned_temple, corexii_hall_statues_l,
          st_stairs_12
D:2:      layout_basic
D:3:      layout_basic, uniq_terence
D:4:      layout_gridville, chequers_serial_rivers_large_a,
          minmay_misc_feat_secret_circle, minmay_bent, uniq_sigmund,
          uniq_menkaure
D:5:      layout_gridville

Action                   |  1- 3 |  4- 6 |  7- 9 || total
-------------------------+-------+-------+-------++-------
Melee: Long sword        |   133 |   120 |    64 ||   317
       Dagger            |       |       |     7 ||     7
  Use: Potion            |       |     6 |       ||     6
Armor: Scale mail        |    73 |    58 |    18 ||   149
Dodge: Dodged            |    67 |    59 |    30 ||   156
Block: Buckler           |    48 |    33 |    15 ||    96
